 Dungeon Crawl Stone Soup version 0.16-a0-3288-g377cd6f (webtiles) character file.

19033 monstruo the Shatterer (level 12, -5/90 HPs)
             Began as a Minotaur Berserker on Dec 23, 2014.
             Was the Champion of Trog.
             Slain by an ice dragon (9 damage)
             ... in an ice cave on Dec 24, 2014.
             The game lasted 01:04:05 (14206 turns).

monstruo the Shatterer (Minotaur Berserker)        Turns: 14206, Time: 01:04:05

Health: -5/90      AC: 14    Str: 25    XL:     12   Next: 33%
Magic:  5/5        EV:  7    Int:  4    God:    Trog [******]
Gold:   931        SH:  0    Dex: 12    Spells: 0 memorised, 11 levels left

rFire  x . .     SeeInvis .     C - +7 great mace of Shrieking Terror {venom, Stlth-}
rCold  + . .     Clarity  .     F - +0 plate armour
rNeg   . . .     SustAb   .     (no shield)
rPois  .         Gourm    .     (helmet restricted)
rElec  .         Spirit   .     (no cloak)
rCorr  .         Warding  .     (no gloves)
rMut   .         Stasis   .     A - +2 pair of boots
MR     .....                    (no amulet)
Stlth  ..........               (no ring)
                                y - ring of ice

@: exhausted, very slightly contaminated, slowed, very slow, not resistant to
hostile enchantments, extremely unstealthy
A: retaliatory headbutt, horns 2, dopey 1, slow healing 1, strong 1
a: Burn Spellbooks, Berserk, Trog's Hand, Brothers in Arms, Renounce Religion


You were in an ice cave.
You worshipped Trog.
Trog was exalted by your worship.
You were very hungry.

You visited 3 branches of the dungeon, and saw 13 of its levels.
You also visited: Ice Cave.

You collected 1003 gold pieces.
You spent 72 gold pieces at shops.

Inventory:

Hand weapons
 l - a +1 whip of electrocution
 C - the +7 great mace of Shrieking Terror (weapon) {venom, Stlth-}
   (Trog gifted it to you on level 7 of the Dungeon)

   It poisons the flesh of those it strikes.
   It makes you less stealthy.
 U - a +5 executioner's axe of freezing
Missiles
 a - 17 stones (quivered)
 K - 4 silver javelins
Armour
 A - a +2 pair of boots (worn)
 F - a +0 plate armour (worn)
 G - the +2 pair of gloves of Surprise {Int-3 SInv Curse}
   (You found it on level 5 of the Dungeon)

   It affects your intelligence (-3).
   It enhances your eyesight.
   It may recurse itself when equipped.
 N - a +0 large shield
Jewellery
 y - a ring of ice (left hand)
 Q - an uncursed ring of protection from cold {unknown}
Magical devices
 n - a wand of confusion (26)
 r - a wand of polymorph (7)
 u - a wand of enslavement (9)
 D - a wand of cold (3)
 E - a wand of flame (38)
 J - a wand of enslavement (13)
Scrolls
 f - 2 scrolls of random uselessness
 g - 9 scrolls of identify
 h - a scroll of fog
 i - 9 scrolls of remove curse
 m - 3 scrolls of recharging
 p - a scroll of enchant weapon
 q - 3 scrolls of teleportation
 t - a scroll of amnesia
 x - a scroll of summoning {unknown}
 z - 2 scrolls of magic mapping
 B - a scroll of torment {unknown}
 P - a scroll of immolation {unknown}
Potions
 d - 3 potions of resistance
 e - a potion of agility
 j - a potion of cure mutation
 k - 2 potions of heal wounds
 o - a potion of haste {unknown}
 s - a potion of flight
 w - 2 potions of curing
 I - a potion of restore abilities
 M - a potion of might
 R - a potion of brilliance {unknown}
Books
 S - a book of Summonings

   Spells                             Type                      Level
   a - Abjuration                     Summoning                    3
   b - Recall                         Summoning/Translocation      3
   c - Shadow Creatures               Summoning                    5
   d - Summon Demon                   Summoning                    5
   e - Summon Forest                  Summoning/Translocation      5
   f - Monstrous Menagerie            Summoning                    6
   Trog disapproves of the use of such an item.
Miscellaneous
 O - a phial of floods (inert, charging)
 T - a phial of floods (inert)
Comestibles
 b - 3 meat rations
 c - 3 bread rations
 H - 2 beef jerkies
 L - 7 fruits


   Skills:
 - Level 3.6 Fighting
 + Level 21.8 Maces & Flails
 - Level 2.4 Armour
 - Level 2.1 Dodging


You had 11 spell levels left.
You didn't know any spells.

Dungeon Overview and Level Annotations

Branches:
Dungeon (10/15)            Temple (0/1) D:7            Lair (2/8) D:10
    Orc (1/4) D:9

Altars:
Fedhas
Kikubaaqudgha
Qazlal
Ru
Sif Muna
Trog
Vehumet
Yredelemnul
Zin

Shops:
D:4 ?

Annotations:
D:10 exclusion: oklob sapling


Innate Abilities, Weirdness & Mutations

You reflexively headbutt those who attack you in melee.
You have a pair of horns on your head.
You are dopey. (Int -2)
You heal slowly when monsters are visible.
Your muscles are strong. (Str +2)


Message History

Press: ? - help, Dir - move target cursor
As you read the scroll of blinking, it crumbles to dust.
You are very lightly contaminated with residual magic.
The ice dragon breathes frost at you. The blast of cold misses you.
You flatten the ice dragon like a pancake!!!
You headbutt the ice dragon!
The ice dragon is heavily wounded.
Drink which item? (? for menu, Esc to quit)
You feel better.
The ice dragon bites you but does no damage.
The ice dragon claws you!
* * * LOW HITPOINT WARNING * * *
The ice dragon barely misses you. The ice dragon breathes frost at you.
The blast of cold hits the ice dragon.
The ice dragon resists.
The blast of cold hits you! You resist.
* * * LOW HITPOINT WARNING * * *
The ice dragon bites you!
You die...

#.#.#
.D..#
##..#
#..# #
##.# ##.#
# #..#
##..# #
##.##
#...#
#..#
#####D.#
##.##
##.D.#.##
#.#.#
#.D#.ยง.#
##.##
##@##..#
#..##
#..#.##
##..#
###.###
#..##
##...#
##.##
##..###
###Y.#
##..##
#.#.##
#..##
###..##
#..#
#.....#
#..#


You could see 2 ice dragons.

Vanquished Creatures
  A hydra (Lair:1)
  The ghost of trelanon the Black Sun, an experienced VSNe of Kikubaaqudgha (D:9)
  2 ice statues (IceCv)
  Pikel (D:6)
  2 hill giants
  4 elephants (Lair:2)
  Joseph (Lair:1)
  2 spiny frogs
  A komodo dragon (Lair:1)
  A two-headed ogre (D:10)
  The ghost of trelanon the Cudgeler, an experienced VSNe (D:4)
  A basilisk (Lair:2)
  4 wandering mushrooms (D:10)
  9 yaks (D:10)
  A wyvern (D:9)
  Eustachio (D:6)
  3 fire bats (Lair:1)
  4 humans (D:6)
  A hippogriff (D:9)
  A hungry ghost (D:9)
  Menkaure (D:4)
  A water moccasin (Lair:1)
  23 ice beasts
  3 wolves (Lair:2)
  A black bear (D:9)
  4 porcupines
  A necrophage (D:8)
  8 ogres
  2 phantoms
  4 orc warriors
  3 sky beasts
  An eye of draining (D:8)
  Duvessa (D:4)
  3 centaurs
  3 big kobolds (D:8)
  4 crocodiles (Lair:1)
  A gnoll sergeant (D:7)
  6 giant frogs
  A wyvern zombie (D:9)
  2 scorpions
  5 killer bees (D:8)
  12 wights
  A centaur zombie (D:8)
  Dowan (D:4)
  A crimson imp (D:5)
  2 goliath beetles
  2 giant frog zombies
  10 orc priests
  4 hounds
  4 jellies
  3 quasits
  A centaur skeleton (D:8)
  2 giant frog skeletons (D:4)
  12 orc wizards
  Natasha (thrice) (D:4)
  An iron imp (D:6)
  4 iguanas
  6 worker ants
  Ijyb (D:6)
  5 sheep (Lair:2)
  2 hound zombies
  2 hound skeletons
  11 adders
  7 river rats (Lair:2)
  8 gnolls
  5 shadow imps
  3 giant mites
  12 white imps (Lair:2)
  5 worms
  2 adder skeletons (D:9)
  4 giant geckos
  An ooze (D:2)
  42 orcs
  3 ball pythons
  2 giant cockroaches
  9 goblins
  18 hobgoblins
  27 kobolds
  7 quokkas
  14 bats
  A giant gecko skeleton (D:5)
  4 giant newts
  A giant spore (D:8)
  2 gnoll zombies (D:3)
  12 jackals
  A jackal skeleton (D:7)
  A quokka skeleton (D:4)
  21 rats
  A ballistomycete (D:8)
423 creatures vanquished.

Vanquished Creatures (collateral kills)
  An elephant (Lair:2)
1 creature vanquished.

Vanquished Creatures (others)
  Blork the orc (D:6)
  2 water elementals (Lair:2)
  A slave (D:6)
  A jelly (D:6)
  A bat skeleton (D:6)
  A goblin (D:6)
7 creatures vanquished.

Grand Total: 431 creatures vanquished

Notes
Turn   | Place    | Note
--------------------------------------------------------------
     0 | D:1      | monstruo, the Minotaur Berserker, began the quest for the Orb.
     0 | D:1      | Reached XP level 1. HP: 19/19 MP: 1/1
   252 | D:1      | Reached skill level 4 in Maces & Flails
   412 | D:1      | Reached XP level 2. HP: 8/26 MP: 1/1
   932 | D:1      | Reached skill level 5 in Maces & Flails
   939 | D:1      | Acquired Trog's second power
   980 | D:1      | Reached XP level 3. HP: 23/31 MP: 2/2
  1626 | D:2      | Reached skill level 6 in Maces & Flails
  1626 | D:2      | Reached XP level 4. HP: 32/39 MP: 2/2
  2021 | D:2      | Found a stormy altar of Qazlal.
  2021 | D:2      | Found a sacrificial altar of Ru.
  2483 | D:3      | Found a basalt altar of Yredelemnul.
  2564 | D:3      | Found a deep blue altar of Sif Muna.
  2830 | D:4      | Noticed Natasha
  2889 | D:4      | Reached skill level 7 in Maces & Flails
  2889 | D:4      | Reached XP level 5. HP: 41/45 MP: 2/2
  3002 | D:4      | Killed Natasha
  3088 | D:4      | Noticed an ogre
  3093 | D:4      | Noticed trelanon's ghost (experienced VSNe)
  3454 | D:4      | Killed an ogre
  3454 | D:4      | Reached skill level 8 in Maces & Flails
  3454 | D:4      | Reached XP level 6. HP: 51/51 MP: 3/3
  3685 | D:4      | Killed trelanon's ghost
  3685 | D:4      | Reached skill level 9 in Maces & Flails
  3685 | D:4      | Reached XP level 7. HP: 57/57 MP: 3/3
  3750 | D:4      | Noticed Natasha
  3831 | D:4      | Gained mutation: You are dopey. (Int -2) [potion of mutation]
  3831 | D:4      | Gained mutation: You heal slowly when monsters are visible. [potion of mutation]
  3831 | D:4      | Gained mutation: Your muscles are strong. (Str +2) [potion of mutation]
  3835 | D:4      | Killed Natasha
  3901 | D:4      | Reached skill level 10 in Maces & Flails
  3928 | D:4      | Noticed Dowan
  3931 | D:4      | Noticed Duvessa
  3942 | D:4      | Killed Duvessa
  3948 | D:4      | Killed Dowan
  4192 | D:4      | Noticed Menkaure
  4200 | D:4      | Killed Menkaure
  4200 | D:4      | Reached skill level 11 in Maces & Flails
  4222 | D:4      | Acquired Trog's third power
  4231 | D:4      | Found Gakh's Magic Scroll Emporium.
  4264 | D:4      | Bought a scroll of remove curse for 36 gold pieces
  4264 | D:4      | Bought a scroll of remove curse for 36 gold pieces
  4562 | D:4      | Noticed Natasha
  4566 | D:4      | Killed Natasha
  4596 | D:5      | Entered Level 5 of the Dungeon
  4605 | D:5      | Reached XP level 8. HP: 64/64 MP: 3/3
  4753 | D:5      | Reached skill level 12 in Maces & Flails
  5119 | D:5      | Got a pair of translucent gloves
  5125 | D:5      | Identified the +2 pair of gloves of Surprise {Int-3 SInv Curse} (You found it on level 5 of the Dungeon)
  5125 | D:5      | Lost intelligence.
  5469 | D:6      | Noticed Pikel
  5488 | D:6      | Killed Pikel
  5488 | D:6      | Reached skill level 13 in Maces & Flails
  5511 | D:6      | Killed Blork the orc
  5686 | D:6      | Reached XP level 9. HP: 70/70 MP: 4/4
  5707 | D:6      | Noticed Ijyb
  5712 | D:6      | Killed Ijyb
  5788 | D:6      | Reached skill level 14 in Maces & Flails
  5994 | D:6      | Reached skill level 15 in Maces & Flails
  6036 | D:6      | Found an ancient bone altar of Kikubaaqudgha.
  6068 | D:6      | Noticed Eustachio
  6114 | D:6      | Killed Eustachio
  6766 | D:7      | Received a gift from Trog
  6770 | D:7      | Got a fine great mace {god gift}
  6779 | D:7      | Identified the +7 great mace of Shrieking Terror {venom, Stlth-} (Trog gifted it to you on level 7 of the Dungeon)
  7153 | D:7      | Reached skill level 16 in Maces & Flails
  7197 | D:7      | Found a staircase to the Ecumenical Temple.
  7375 | D:7      | Reached XP level 10. HP: 77/77 MP: 4/4
  8220 | D:8      | Reached skill level 17 in Maces & Flails
  8277 | D:8      | Received a gift from Trog
  8345 | D:8      | Noticed a moth of wrath
  8348 | D:8      | Found a bloodstained altar of Trog.
  9310 | D:9      | Upgraded the game from 0.16-a0-3260-g19c2095 to 0.16-a0-3288-g377cd6f
  9562 | D:9      | Found a radiant altar of Vehumet.
  9631 | D:9      | Found a glowing silver altar of Zin.
  9748 | D:9      | Noticed trelanon's ghost (experienced VSNe)
  9752 | D:9      | Killed trelanon's ghost
  9752 | D:9      | Reached skill level 18 in Maces & Flails
  9876 | D:9      | Received a gift from Trog
 10173 | D:9      | Found a staircase to the Orcish Mines.
 10272 | Orc:1    | Entered Level 1 of the Orcish Mines
 10376 | D:9      | Noticed a hill giant
 10384 | D:9      | Killed a hill giant
 10384 | D:9      | Reached XP level 11. HP: 67/82 MP: 4/4
 10549 | D:10     | Entered Level 10 of the Dungeon
 10557 | D:10     | Received a gift from Trog
 10590 | D:10     | Reached skill level 19 in Maces & Flails
 10703 | D:10     | Noticed a hill giant
 10706 | D:10     | Killed a hill giant
 11160 | D:10     | Found a staircase to the Lair.
 11413 | D:10     | Found a blossoming altar of Fedhas.
 11662 | Lair:1   | Entered Level 1 of the Lair of Beasts
 11667 | Lair:1   | Noticed Joseph
 11669 | Lair:1   | Reached skill level 20 in Maces & Flails
 11680 | Lair:1   | Killed Joseph
 11993 | Lair:1   | Noticed an eight-headed hydra
 12008 | Lair:1   | Killed an eight-headed hydra
 13159 | Lair:2   | Reached skill level 21 in Maces & Flails
 13163 | Lair:2   | Reached XP level 12. HP: 68/90 MP: 5/5
 13439 | Lair:2   | Received a gift from Trog
 13773 | Lair:2   | Found a frozen archway.
 13788 | IceCv    | Entered an ice cave
 14187 | IceCv    | Noticed an ice dragon
 14187 | IceCv    | Noticed an ice dragon
 14206 | IceCv    | HP: 4/90 [ice dragon/blast of cold (17)]
 14206 | IceCv    | Slain by an ice dragon

Action                   |  1- 3 |  4- 6 |  7- 9 | 10-12 || total
-------------------------+-------+-------+-------+-------++-------
Melee: Mace              |    89 |   119 |   148 |       ||   356
       Whip              |       |       |    74 |    20 ||    94
       Dire flail        |       |       |    76 |       ||    76
       Great mace        |       |       |    39 |   504 ||   543
Throw: Stone             |       |       |    16 |     8 ||    24
Invok: Berserk           |     1 |     2 |     5 |     7 ||    15
       Burn Spellbooks   |       |       |     2 |       ||     2
Evoke: Wand              |       |       |     1 |       ||     1
       Phial of floods   |       |       |       |     2 ||     2
  Use: Potion            |       |       |     3 |    10 ||    13
       Scroll            |       |       |     2 |    14 ||    16
  Eat: Chunk             |     3 |     5 |    12 |    19 ||    39
       Beef jerky        |       |     2 |     1 |       ||     3
       Fruit             |       |       |     2 |     5 ||     7
       Royal jelly       |       |       |     1 |       ||     1
       Meat ration       |       |       |       |     1 ||     1
